 Dungeon Crawl Stone Soup version 0.15.0-18-g9076a4f (console) character file.

8 gw the Skirmisher (level 2, -1/24 HPs)
             Began as a Demonspawn Fighter on Sept 6, 2014.
             Slain by a jackal (2 damage)
             ... on Level 1 of the Dungeon.
             The game lasted 00:00:10 (257 turns).

gw the Skirmisher (Demonspawn Fighter)               Turns: 257, Time: 00:00:10

HP  -1/24        AC  8     Str 21      XL: 2   Next:  0%
MP   2/2         EV  9     Int  9      God:
Gold 0           SH  0     Dex 12      Spells:  0 memorised,  1 level left

rFire  . . .     SeeInvis .     a - +0 long sword
rCold  . . .     Clarity  .     b - +0 scale mail
rNeg   . . .     rCorr    .     (no shield)
rPois  .         rRot     .     (no helmet)
rElec  .         Spirit   .     (no cloak)
SustAb .         Warding  .     (no gloves)
rMut   .         Stasis   .     (no boots)
Gourm  .                        (no amulet)
MR     .....                    (no ring)
                                (no ring)

@: mighty, not resistant to hostile enchantments, extremely unstealthy
A: thin metallic scales 1
a: no special abilities


You were on level 1 of the Dungeon.
You were not hungry.

You visited 1 branch of the dungeon, and saw 1 of its levels.

Inventory:

Hand weapons
 a - a +0 long sword (weapon)
Armour
 b - a +0 scale mail (worn)
Comestibles
 d - a bread ration
Scrolls
 c - a scroll of fear {unknown}
 f - a scroll of random uselessness {unknown}
Potions
 e - 2 potions of might


   Skills:
 + Level 3.1 Fighting
 * Level 2.1 Long Blades
 + Level 0.3 Throwing
 + Level 2.7 Armour
   Level 2.6 Shields


You had one spell level left.
You didn't know any spells.

Dungeon Overview and Level Annotations

Branches:
Dungeon (1/15)

Altars:


Innate Abilities, Weirdness & Mutations

You are partially covered in thin metallic scales (AC +2).


Message History

The jackal bites you but does no damage.
The jackal barely misses you. The jackal closely misses you.
The jackal completely misses you.
FLEEEEING!
ATTACKING (-1,0)
You slash the jackal!
You kill the jackal!
You have reached level 2!
Your demonic ancestry asserts itself...
Thin metallic scales grow over part of your body.
The jackal bites you.
MOVING TO (-2,-7)
The jackal barely misses you.
MOVING TO (-1,-6) MOVING TO (-1,-5) MOVING TO (-1,-4)
The jackal misses you.
MOVING TO (0,-3) MOVING TO (0,-2)
The jackal bites you.
You die...

.. ##### # .... #######
#...# # ....#
#.....###...# #
.....####.......%...####
.####.................)..
.........#...........##..
...##.##6#...........##.#
........h##..........##.#
...##.##.######......##.#
...#......######.#......#
.....>..................#
...#......######.#.#.##.#
#.....%.# . #.# #######.#
#.##


You could see a jackal.

Table legend:
 A = Turns spent in this place as a percentage of turns spent in the entire game.
 B = Non-inter-level travel turns spent in this place as a percentage of non-inter-level travel turns spent in the entire game.
 C = Inter-level travel turns spent in this place as a percentage of turns spent in this place.
 D = Turns resting spent in this place as a percentage of non-inter-level travel turns spent in this place.
 E = Turns spent auto-exploring this place as a percentage of non-inter-level travel turns spent in this place.
 F = Non-inter-level travel turns spent in this place divided by the number of levels of this place that you've seen.
                   A       B       C       D       E      F
               +-------+-------+-------+-------+-------+----------------------
         Total | 100.0 | 100.0 |   0.0 |   4.7 |  15.3 |  85.0
       Dungeon | 100.0 | 100.0 |   0.0 |   4.7 |  15.3 |  85.0
               +-------+-------+-------+-------+-------+----------------------

Table legend:
 A = Kills in this place as a percentage of kills in entire the game.
 B = Kills by you in this place as a percentage of kills by you in the entire game.
 C = Kills by friends in this place as a percentage of kills by friends in the entire game.
 D = Other kills in this place as a percentage of other kills in the entire game.
 E = Experience gained in this place as a percentage of experience gained in the entire game.
 F = Experience gained in this place divided by the number of levels of this place that you have seen.
                   A       B       C       D       E      F
               +-------+-------+-------+-------+-------+----------------------
         Total | 100.0 | 100.0 |  -nan |  -nan | 100.0 |  12.0
       Dungeon | 100.0 | 100.0 |  -nan |  -nan | 100.0 |  12.0
               +-------+-------+-------+-------+-------+----------------------

Vanquished Creatures
  A bat (D:1)
  A giant cockroach (D:1)
  A jackal (D:1)
  A giant newt (D:1)
  3 kobolds (D:1)
  A rat (D:1)
8 creatures vanquished.

Notes
Turn   | Place    | Note
--------------------------------------------------------------
     0 | D:1      | gw, the Demonspawn Fighter, began the quest for the Orb.
     0 | D:1      | Reached XP level 1. HP: 18/18 MP: 1/1
   251 | D:1      | Gained mutation: You are partially covered in thin metallic scales (AC +2). [demonic ancestry]
   251 | D:1      | Reached XP level 2. HP: 4/24 MP: 2/2
   251 | D:1      | HP: 1/24 [jackal (3)]
   257 | D:1      | Slain by a jackal

Action                   || total
-------------------------++-------
Melee: Long sword        ||    28
  Use: Potion            ||     1

Vault maps used:
D:1:      lemuel_arrival_funnel, serial_bayou_ford_a, minmay_bisected
